Match 41757129
Unlisted

Match 41757129
End
Construct Infanterie Kompanie
Kettenkrad Recon Vehicle
MG 42 Machine Gun Team
MG 42 Machine Gun Team
GrW 34 Mortar Team
Construct Panzergrenadier Kompanie
251 Medium Carrier
Pak 40 Anti-tank Gun Team
Support Elements
Nebelwerfer 42 Rocket Launcher Team
Selects Luftwaffe Battlegroup
Selects Stuka Strafing Run
Stuka Strafing Run
Selects Fallschirmjäger Squad Paradrop
Fallschirmjäger Squad Paradrop
Stuka Strafing Run
Nebelwerfer 42 Rocket Launcher Team
MG 42 Machine Gun Team
Stuka Strafing Run
Selects Luftwaffe Pioneer Support
Selects Fragmentation Bombs
Nebelwerfer 42 Rocket Launcher Team
Stuka Strafing Run
Construct Panzer Kompanie
wila
LittleFatty233
chad
surridgez
M1299 Enjoyer
ドルーギー
MistyStille
Fredwick
0
0

Comments sign in to comment!

No comments posted yet!